 Dungeon Crawl Stone Soup version 0.18.1-5-g4a78601 (webtiles) character file.

121 Mefis the Magician (level 4, -5/24 HPs)
             Began as a Deep Elf Wizard on May 12, 2016.
             Slain by an ice beast (13 damage)
             ... on level 3 of the Dungeon.
             The game lasted 00:07:32 (2706 turns).

Mefis the Magician (Deep Elf Wizard)                Turns: 2706, Time: 00:07:33

Health: -5/24      AC:  4    Str:  6    XL:     4   Next: 76%
Magic:  7/12       EV: 13    Int: 24    God:
Gold:   146        SH:  0    Dex: 13    Spells: 5 memorised, 2 levels left

rFire  . . .     SeeInvis .     e - +2 dagger (venom)
rCold  . . .     Gourm    .     a - +0 robe
rNeg   . . .     Faith    .     (no shield)
rPois  .         Spirit   .     b - +0 hat
rElec  .         Dismiss  .     q - +0 cloak
rCorr  .         Reflect  .     x - +0 pair of gloves
SustAt .         Harm     .     (no boots)
MR     .....                    (no amulet)
Stlth  ++........               A - ring of flight
                                v - +2 ring of strength

@: repel missiles, not resistant to hostile enchantments, unstealthy
A: no striking features
a: Evoke Flight


You were on level 3 of the Dungeon.
You were not hungry.

You visited 1 branch of the dungeon, and saw 3 of its levels.

You collected 146 gold pieces.

Inventory:

Hand Weapons
 e - a +2 dagger of venom (weapon)
 F - a +1 dagger of electrocution
Missiles
 y - 15 arrows
Armour
 a - a +0 robe (worn)
 b - a +0 hat (worn)
 q - a +0 cloak (worn)
 w - a +0 buckler
 x - a +0 pair of gloves (worn)
 D - a +2 large shield
Jewellery
 v - a +2 ring of strength (left hand)
 A - a ring of flight (right hand)
 G - an uncursed amulet of guardian spirit {unknown}
Scrolls
 f - 4 scrolls of identify {unknown}
 h - a scroll of remove curse {unknown}
 j - 2 scrolls of magic mapping {unknown}
 k - 4 scrolls of immolation {unknown}
 r - a scroll of amnesia {unknown}
 s - a scroll of teleportation {unknown}
 u - a scroll of fog {unknown}
 z - a scroll of noise {unknown}
 C - a scroll of fear {unknown}
Potions
 g - 3 potions of curing {unknown}
 i - 2 potions of flight {unknown}
 m - a potion of heal wounds {unknown}
 n - a potion of cancellation {unknown}
 o - a potion of invisibility {unknown}
 p - a potion of berserk rage {unknown}
 t - 3 potions of lignification {unknown}
 B - a potion of degeneration {unknown}
Books
 c - a book of Minor Magic

   Spells                             Type                      Level
   a - Magic Dart                     Conjuration                  1
   b - Blink                          Translocation                2
   c - Call Imp                       Summoning                    2
   d - Repel Missiles                 Charms/Air                   2
   e - Slow                           Hexes                        2
   f - Conjure Flame                  Conjuration/Fire             3
   g - Mephitic Cloud                 Conjuration/Poison/Air       3
Comestibles
 d - 3 bread rations
 l - 2 meat rations
 E - a slice of pizza


   Skills:
 + Level 0.1 Fighting
 + Level 3.3 Dodging
 + Level 3.6 Stealth
 * Level 0.5 Shields
 + Level 4.8 Spellcasting
 * Level 2.5 Conjurations
 + Level 1.9 Summonings
 - Level 1.1 Translocations
 + Level 1.0 Poison Magic


You had 2 spell levels left.
You knew the following spells:

 Your Spells              Type           Power        Failure   Level  Hunger
a - Magic Dart            Conj           ###.         3%          1    None
b - Call Imp              Summ           ###.....     8%          2    None
c - Blink                 Tloc           N/A          12%         2    None
d - Repel Missiles        Chrm/Air       #.....       14%         2    None
e - Mephitic Cloud        Conj/Pois/Air  ##......     21%         3    ##.....


Dungeon Overview and Level Annotations

Branches:
Dungeon (3/15)

Altars:
Cheibriados
Makhleb
Zin


Message History

The rat closely misses you.
Casting: Magic Dart
Confirm with . or Enter, or press ? or * to list all spells.
Aiming: Magic Dart
Press: ? - help, Shift-Dir - straight line, f/p - rat
Aim: a rat (heavily wounded)
The magic dart hits the rat.
You kill the rat!
The ice beast hits you. The ice beast freezes you!
Ouch! That really hurt!
Casting: Magic Dart
Confirm with . or Enter, or press ? or * to list all spells.
Aiming: Magic Dart
Press: ? - help, Shift-Dir - straight line, f - ice beast
Aim: an ice beast The magic dart hits the ice beast.
The ice beast is lightly wounded.
The ice beast hits you. The ice beast freezes you!
Ouch! That really hurt!
You die...

#..............##.......#
#..............####....##
#......................#
#..............####....#
###..............#######.########
.................................
###........###.#.#######)########
.................................
#######....###.#@#######.........
.....##....# #.#Y................
.....##....# #.#.########........
.....##...(###.#.......##........
.....###.......#.......##........
.........#######.......†..#.##...
.........# #..........#. #...
#........# #..........#. #...
.........# #..........#. #...


You could see an ice beast.

Vanquished Creatures
  3 adders (D:2)
  7 dart slugs
  6 giant geckos
  4 orcs
  7 bats
  3 giant cockroaches
  9 goblins
  4 hobgoblins
  3 jackals (D:2)
  5 kobolds
  A quokka (D:3)
  3 giant newts (D:3)
  13 rats
68 creatures vanquished.

Notes
Turn   | Place    | Note
--------------------------------------------------------------
     0 | D:1      | Mefis the Deep Elf Wizard began the quest for the Orb.
     0 | D:1      | Reached XP level 1. HP: 10/10 MP: 7/7
    92 | D:1      | Reached XP level 2. HP: 15/15 MP: 5/9
   102 | D:1      | Learned a level 2 spell: Call Imp
   105 | D:1      | Learned a level 2 spell: Blink
   108 | D:1      | Learned a level 2 spell: Repel Missiles
   693 | D:1      | Reached XP level 3. HP: 19/19 MP: 8/10
   698 | D:1      | Learned a level 3 spell: Mephitic Cloud
  1201 | D:2      | Found a snail-covered altar of Cheibriados.
  1392 | D:2      | Reached XP level 4. HP: 21/24 MP: 10/12
  1540 | D:2      | Found a burning altar of Makhleb.
  1608 | D:2      | Found a glowing silver altar of Zin.
  1608 | D:2      | Noticed an angel
  1609 | D:2      | Noticed a balrug
  1875 | D:2      | Reached skill level 1 in Poison Magic
  2186 | D:3      | Noticed an ice beast
  2706 | D:3      | Slain by an ice beast

Skill      XL: |  1  2  3  4 |
---------------+-------------+-----
Conjurations   | 2 |  2.5
Stealth        | 3 |  3.6
Dodging        | 3 |  3.3
Poison Magic   | 1 |  1.0
Fighting       | |  0.1
Shields        | |  0.5
Spellcasting   | |  4.8
Summonings     | |  1.9
Translocations | |  1.1

Action                   |  1- 3 |  4- 6 || total
-------------------------+-------+-------++-------
Melee: Dagger            |     5 |     2 ||     7
 Cast: Magic Dart        |    68 |    73 ||   141
       Repel Missiles    |     1 |     1 ||     2
 Stab: Sleeping          |     2 |       ||     2
  Eat: Chunk             |     1 |     4 ||     5
Armor: Robe              |     1 |     8 ||     9
Dodge: Dodged            |     7 |    23 ||    30
       Deflected         |       |     2 ||     2
